 Dungeon Crawl Stone Soup version 0.31-a0-865-g3d5d91748a (webtiles) character file.

Game seed: 2413015087659015887

183 CowFu the Shield-Bearer (level 5, -3/47 HPs)
             Began as a Gnoll Fighter on Oct 10, 2023.
             Slain by an iguana (11 damage)
             ... on level 4 of the Dungeon.
             The game lasted 00:01:03 (1425 turns).

CowFu the Shield-Bearer (Gnoll Fighter)             Turns: 1425, Time: 00:01:04

Health: -3/47      AC:  7    Str: 17    XL:     5   Next: 62%
Magic:  7/7        EV:  9    Int:  8    God:
Gold:   167        SH:  5    Dex: 11    Spells: 7/7 levels left

rFire   . . .        a - +0 trident
rCold   . . .        c - +0 buckler
rNeg    . . .        b - +0 scale mail
rPois   .            (no helmet)
rElec   .            (no cloak)
rCorr   .            (no gloves)
SInv    .            (no boots)
Will    .....        (no amulet) Stlth
                     (no ring)
HPRegen 0.27/turn    (no ring)
MPRegen 0.10/turn

%: no passive effects
@: lethally poisoned (-3 -> -7), studying Poison Magic
A: fangs 1, strong nose, distributed training
a: no special abilities


You were on level 4 of the Dungeon.
You visited 1 branch of the dungeon, and saw 3 of its levels.

You collected 167 gold pieces.

Inventory:

Hand Weapons
 a - a +0 trident (weapon)
Armour
 b - a +0 scale mail (worn)
 c - a +0 buckler (worn)
Jewellery
 j - a +6 ring of intelligence
 n - a +4 ring of protection
Scrolls
 g - a scroll of noise {unknown}
 h - a scroll of identify {unknown}
 i - a scroll of amnesia {unknown}
 k - 3 scrolls of teleportation {unknown}
 m - a scroll of immolation {unknown}
Potions
 d - a potion of might
 e - 3 potions of heal wounds {unknown}
 f - 2 potions of haste {unknown}
 l - a potion of enlightenment {unknown}


   Skills:
 + Level 6.7 Fighting
 + Level 1.6 Short Blades
 + Level 1.6 Long Blades
 + Level 1.6 Axes
 + Level 1.6 Maces & Flails
 + Level 4.8 Polearms
 + Level 1.6 Staves
 + Level 1.6 Ranged Weapons
 + Level 1.6 Throwing
 + Level 6.7 Armour
 + Level 1.6 Dodging
 + Level 1.6 Stealth
 + Level 6.7 Shields
 + Level 1.6 Unarmed Combat
 + Level 1.6 Spellcasting
 + Level 1.2 Conjurations
 + Level 1.2 Hexes
 + Level 1.2 Summonings
 + Level 1.2 Necromancy
 + Level 1.2 Translocations
 + Level 1.2 Transmutations
 + Level 1.2 Fire Magic
 + Level 1.2 Ice Magic
 + Level 1.2 Air Magic
 + Level 1.2 Earth Magic
 + Level 1.6 Poison Magic
 + Level 1.8 Invocations
 + Level 1.6 Evocations
 + Level 1.4 Shapeshifting


You had 7 spell levels left.
You didn't know any spells.
Your spell library contained the following spells:

 Spells                   Type           Power      Damage    Failure   Level
 Apportation              Tloc           4%         N/A       63%         1
 Poisonous Vapours        Pois/Air       4%         N/A       75%         2
 Jinxbite                 Hex            4%         N/A       77%         2
 Mephitic Cloud           Conj/Pois/Air  2%         N/A       93%         3
 Alistair's Intoxication  Tmut/Pois      1%         N/A       100%        5
 Freezing Cloud           Conj/Ice/Air   1%         6-21      100%        5


Dungeon Overview and Level Annotations

Branches:
Dungeon (2/15)

Altars:
Zin


Innate Abilities, Weirdness & Mutations

You have very sharp teeth.
Your uncanny sense of smell can sniff out nearby items.
Your experience applies equally to all skills.


Message History

The scorpion stings you. The iguana bites you! The scorpion stings you.
You closely miss the scorpion.
The scorpion is heavily wounded.
The iguana bites you. The scorpion stings you.
You puncture the scorpion!
The scorpion is severely wounded.
The scorpion stings you but does no damage.
The iguana bites you but does no damage.
You hit the scorpion.
The scorpion is almost dead.
The scorpion closely misses you. The iguana bites you! The scorpion stings you.
* * * LOW HITPOINT WARNING * * *
You are poisoned.
The scorpion poisons you!
You are too injured to fight recklessly!
You are too injured to fight recklessly!
You are too injured to fight recklessly!
You are too injured to fight recklessly!
You are too injured to fight recklessly!
You are too injured to fight recklessly!
You are too injured to fight recklessly!
You are too injured to fight recklessly!
You are too injured to fight recklessly!
You are too injured to fight recklessly!
You are too injured to fight recklessly!
You are too injured to fight recklessly!
You are too injured to fight recklessly!
You are too injured to fight recklessly!
You are too injured to fight recklessly!
You are too injured to fight recklessly!
You are too injured to fight recklessly!
You are too injured to fight recklessly!
You are too injured to fight recklessly!
You feel very sick. The scorpion attacks as it pursues you!
The scorpion barely misses you.
You feel sick.
You hit the iguana.
The iguana is moderately wounded.
You feel sick. The iguana barely misses you. The iguana bites you!
You die...

#..)..) ## #.###.# .# #
#.# #.# ####.#. #.# ..# #
#.....# ##.##.## #.#.#
#†#######...#. # #####.#.#
#.........#.....
........###.#######...#.##
......#sl@..# ##.##...
!..## ####### .# ## # .. .
### # . .


You could see a scorpion and an iguana.

Vanquished Creatures
  A scorpion (D:4)
  A hound (D:4)
  4 adders
  A worm (D:2)
  2 dart slugs
  4 orcs (D:4)
  6 bats
  2 endoplasms (D:1)
  2 giant cockroaches (D:1)
  5 hobgoblins
  4 jackals (D:4)
  5 kobolds
  A quokka (D:1)
  13 frilled lizards
  2 goblins (D:2)
  2 rats
55 creatures vanquished.

Notes
Turn   | Place    | Note
-------+----------+-------------------------------------------
     0 | D:1      | CowFu the Gnoll Fighter began the quest for the Orb.
     0 | D:1      | Reached XP level 1. HP: 23/23 MP: 1/1
   189 | D:1      | Reached XP level 2. HP: 29/29 MP: 2/2
   611 | D:1      | Reached XP level 3. HP: 35/35 MP: 3/3
   733 | D:2      | Reached skill level 1 in Invocations
   928 | D:2      | Reached skill level 1 in Short Blades
   928 | D:2      | Reached skill level 1 in Long Blades
   928 | D:2      | Reached skill level 1 in Axes
   928 | D:2      | Reached skill level 1 in Maces & Flails
   928 | D:2      | Reached skill level 1 in Staves
   928 | D:2      | Reached skill level 1 in Ranged Weapons
   928 | D:2      | Reached skill level 1 in Throwing
   928 | D:2      | Reached skill level 1 in Dodging
   928 | D:2      | Reached skill level 1 in Stealth
   928 | D:2      | Reached skill level 1 in Unarmed Combat
   928 | D:2      | Reached skill level 1 in Spellcasting
   928 | D:2      | Reached skill level 1 in Evocations
   940 | D:2      | Reached XP level 4. HP: 37/41 MP: 5/5
   950 | D:2      | Reached skill level 1 in Shapeshifting
  1010 | D:2      | Found a glowing silver altar of Zin.
  1065 | D:2      | You fall into a shaft and drop 2 floors!
  1187 | D:4      | Reached skill level 1 in Poison Magic
  1215 | D:4      | Reached skill level 1 in Conjurations
  1215 | D:4      | Reached skill level 1 in Hexes
  1215 | D:4      | Reached skill level 1 in Summonings
  1215 | D:4      | Reached skill level 1 in Necromancy
  1215 | D:4      | Reached skill level 1 in Translocations
  1215 | D:4      | Reached skill level 1 in Transmutations
  1215 | D:4      | Reached skill level 1 in Fire Magic
  1215 | D:4      | Reached skill level 1 in Ice Magic
  1215 | D:4      | Reached skill level 1 in Air Magic
  1215 | D:4      | Reached skill level 1 in Earth Magic
  1280 | D:4      | Noticed a scorpion
  1295 | D:4      | Killed a scorpion
  1296 | D:4      | Reached XP level 5. HP: 45/47 MP: 5/7
  1425 | D:4      | Slain by an iguana

Illustrated notes

Levels and vault maps discovered:
D:1:      wander_arrival_lonely_grave, layout_loops_cross,
          serial_park_tiny_pond, minmay_lizard_king
D:2:      minmay_chambers_of_twos, layout_basic, basic_altar,
          roderic_cross_of_infinity, kennysheep_generic_room_14
D:4:      layout_loops_ring, minmay_manual_moon

Skill      XL: |  1  2  3  4 |
---------------+-------------+-----
Invocations    | 1 |  1.8
Short Blades   | 1 |  1.6
Long Blades    | 1 |  1.6
Axes           | 1 |  1.6
Maces & Flails | 1 |  1.6
Staves         | 1 |  1.6
Ranged Weapons | 1 |  1.6
Throwing       | 1 |  1.6
Dodging        | 1 |  1.6
Stealth        | 1 |  1.6
Unarmed Combat | 1 |  1.6
Spellcasting   | 1 |  1.6
Evocations     | 1 |  1.6
Shapeshifting  | 1 |  1.4
Poison Magic   | 1 |  1.6
Conjurations   | 1 |  1.2
Hexes          | 1 |  1.2
Summonings     | 1 |  1.2
Necromancy     | 1 |  1.2
Translocations | 1 |  1.2
Transmutations | 1 |  1.2
Fire Magic     | 1 |  1.2
Ice Magic      | 1 |  1.2
Air Magic      | 1 |  1.2
Earth Magic    | 1 |  1.2
Fighting       | |  6.7
Polearms       | |  4.8
Armour         | |  6.7
Shields        | |  6.7

Action                     |  1- 3 |  4- 6 || total
---------------------------+-------+-------++-------
  Melee: Trident           |    90 |    97 ||   187
         Bite              |     2 |     4 ||     6
 Armour: Scale mail        |    29 |    53 ||    82
  Dodge: Dodged            |    29 |    34 ||    63
  Block: Buckler           |    14 |    21 ||    35

Table legend: (Time is in decaauts)
 A = Elapsed time spent in this place.
 B = Non-inter-level travel time spent in this place.
 C = Inter-level travel time spent in this place.
 D = Time resting spent in this place.
 E = Time spent auto-exploring this place.
 F = Levels seen in this place.
 G = Mean time per level.
                   A        B        C        D        E       F      G
               +--------+--------+--------+--------+--------+-----+--------+
         Total |   1443 |   1428 |     15 |      0 |   1103 |   3 |  481.0 |
       Dungeon |   1443 |   1428 |     15 |      0 |   1103 |   3 |  481.0 |
               +--------+--------+--------+--------+--------+-----+--------+

Top non-repeatable levels by time:
     D:1: 678 daAuts
     D:2: 397 daAuts
     D:4: 367 daAuts
